 Dungeon Crawl Stone Soup version 0.16-a0-269-gd5b6136 (webtiles) character file.

79 PotatoesMaster the Skirmisher (level 4, -3/41 HPs)
             Began as a Minotaur Berserker on Aug 26, 2014.
             Was a Believer of Trog.
             Slain by an ogre
             ... wielding a +0 giant club
              (15 damage)
             ... on Level 3 of the Dungeon.
             The game lasted 00:05:31 (1818 turns).

PotatoesMaster the Skirmisher (Minotaur Berserker)  Turns: 1818, Time: 00:05:32

HP  -3/41        AC  5     Str 26      XL: 4   Next: 17%
MP   2/2         EV 10     Int  4      God: Trog [**....]
Gold 68          SH  0     Dex 10      Spells:  0 memorised,  3 levels left

rFire  . . .     SeeInvis +     u - +0 mace (drain)
rCold  . . .     Clarity  .     o - +0 ring mail
rNeg   . . .     rCorr    .     (no shield)
rPois  .         rRot     .     (helmet restricted)
rElec  .         Spirit   .     (no cloak)
SustAb .         Warding  .     (no gloves)
rMut   .         Stasis   .     (no boots)
Gourm  .                        (no amulet)
MR     .....                    t - ring of see invisible
                                l - +4 ring of strength

@: not resistant to hostile enchantments, extremely unstealthy
A: retaliatory headbutt, horns 2
a: Burn Spellbooks, Berserk, Trog's Hand, Renounce Religion


You were on level 3 of the Dungeon.
You worshipped Trog.
Trog was pleased with you.
You were not hungry.

You visited 1 branch of the dungeon, and saw 3 of its levels.

You collected 68 gold pieces.

Inventory:

Hand weapons
 a - a +0 mace
 u - a +0 mace of draining (weapon)
Armour
 b - a +0 animal skin
 o - a +0 ring mail (worn)
Magical devices
 k - a wand of polymorph (17) {unknown}
Comestibles
 c - 2 bread rations
 d - a rotting chunk of ball python flesh
 h - 3 meat rations
 j - a rotting chunk of adder flesh
 n - a rotting chunk of rat flesh
 p - a chunk of bat flesh
Scrolls
 e - a scroll of teleportation
 q - 2 scrolls of remove curse
 r - a scroll of blinking {unknown}
 s - 2 scrolls of fog
Jewellery
 f - a +4 ring of strength
 l - a +4 ring of strength (left hand)
 t - a ring of see invisible (right hand)
 v - an uncursed amulet of guardian spirit
Potions
 g - a potion of agility {unknown}
 m - a potion of curing


   Skills:
 + Level 4.7 Fighting
 + Level 4.6 Maces & Flails
 + Level 2.8 Armour
 + Level 2.6 Dodging


You had 3 spell levels left.
You didn't know any spells.

Dungeon Overview and Level Annotations

Branches:
Dungeon (3/15)

Altars:


Innate Abilities, Weirdness & Mutations

You reflexively headbutt those who attack you in melee.
You have a pair of horns on your head.


Message History

Found an escape hatch in the floor.
Eating a chunk of hobgoblin flesh.
This raw flesh tastes terrible.
You continue eating. x2
You smell something rotten. (slot d)
The smell of rotting flesh makes you sick. (slot j)
You smell something rotten. (slot n)
An ogre comes into view. It is wielding a giant club.
An ogre is nearby!
The ogre hits you with a giant club! The ogre barely misses you.
You sock the ogre! You drain the ogre!
The ogre is heavily wounded.
The ogre hits you with a giant club!
* * * LOW HITPOINT WARNING * * *
You hit the ogre. You drain the ogre!
The ogre is almost dead.
You hit the ogre.
The ogre is almost dead.
The ogre hits you with a giant club!
You die...

########### #.........#
#.........#######
#.........'..%..#
######.........#####.#
#..............+ #.#
#..(.%.........# #.#
#.........>....+ #.#
####..........>.@.### #.#
.................O..# #.#
#################.#.# #.#####
....................# #.....#
###..............####.#####.#
###.....(........# #.......#
..#.........###### ######..##
..#.........# #....#
########.#### #...(#


You could see an ogre.

Vanquished Creatures
  3 adders
  A worm (D:2)
  3 giant geckos
  An orc (D:3)
  8 bats
  2 giant cockroaches (D:2)
  6 hobgoblins
  3 quokkas
  2 ball pythons
  4 giant newts
  4 goblins
  2 jackals (D:1)
  2 kobolds
  6 rats
47 creatures vanquished.

Notes
Turn   | Place    | Note
--------------------------------------------------------------
     0 | D:1      | PotatoesMaster, the Minotaur Berserker, began the quest for the Orb.
     0 | D:1      | Reached XP level 1. HP: 19/19 MP: 1/1
   278 | D:1      | Reached skill level 4 in Fighting
   278 | D:1      | Reached XP level 2. HP: 25/27 MP: 1/1
   573 | D:2      | Acquired Trog's second power
   655 | D:2      | Reached XP level 3. HP: 21/34 MP: 2/2
  1553 | D:3      | Reached XP level 4. HP: 38/41 MP: 2/2
  1812 | D:3      | Noticed an ogre
  1818 | D:3      | Slain by an ogre

Action                   |  1- 3 |  4- 6 || total
-------------------------+-------+-------++-------
Melee: Mace              |    73 |    14 ||    87
  Use: Scroll            |     7 |       ||     7
       Potion            |     2 |       ||     2
  Eat: Chunk             |     2 |     1 ||     3
